Map: 포트 알렉산더 - 래더

Players

Leenock - Winner!

  • Race: Zerg Zerg
  • League: Grandmaster
  • Spawn Location: 5:00

llllllllllll

  • Race: Protoss Protoss
  • League: Master
  • Spawn Location: 11:00

VOD

Have the link to the VOD?

Description

Time

  • Played on: April 3, 2019, 7:03 a.m.
  • Length: 6:12
Show
View Real Time Build Order
Export as new Build Order

Leenock Zerg - Winner!

Build Orders: Hatch First 

Get SALT Encoding   

  12  0:00  Drone  
  13  0:13  Overlord  
  13  0:18  Drone  
  14  0:31  Drone  
  14  0:32  Drone  
  16  0:36  Drone  
  17  0:53  Hatchery  
  17  0:56  Drone  
  17  0:59  Drone  
  18  1:04  Extractor  
  17  1:14  Spawning Pool  
  17  1:18  Drone  
  17  1:21  Drone  
  18  1:28  Drone  
  19  1:39  Drone  
  20  1:53  Hatchery  
  20  1:54  Drone  
  20  2:02  Drone  
  20  2:05  Drone  
  20  2:07  Metabolic Boost  
  22  2:16  Queen  
  22  2:22  Overlord  
  24  2:25  Drone  
  24  2:27  Drone  
  26  2:30  Drone  
  26  2:33  Zergling x2  
  28  2:40  Queen  
  28  2:42  Zergling x2  
  31  2:45  Zergling x2  
  31  2:48  Zergling x2  
  33  2:53  Queen  
  35  2:59  Overlord  
  35  3:01  Drone  
  36  3:06  Drone  
  36  3:09  Drone  
  36  3:11  Drone  
  39  3:14  Queen  
  39  3:16  Drone  
  39  3:19  Drone  
  43  3:28  Drone  
  43  3:29  Drone  
  43  3:33  Drone  
  46  3:40  Queen  
  46  3:41  Overlord x2  
  48  3:42  Drone  
  48  3:43  Drone  
  49  3:52  Overlord  
  49  3:57  Spore Crawler  
  49  3:58  Overlord  
  49  3:59  Spore Crawler  
  49  4:00  Drone x3  
  50  4:05  Drone x3  
  50  4:07  Drone x2  
  55  4:14  Drone x2  
  55  4:15  Drone  
  58  4:19  Drone  
  58  4:22  Lair  
  58  4:24  Drone  
  60  4:27  Drone  
  60  4:28  Drone x4  
  65  4:34  Drone, Spore Crawler  
  65  4:41  Roach Warren  
  65  4:42  Overlord  
  65  4:45  Overlord  
  64  4:51  Overlord  
  64  4:54  Queen, Extractor  
  64  4:55  Spore Crawler, Extractor  
  62  5:02  Drone x8  
  62  5:03  Drone  
  71  5:08  Drone  
  72  5:14  Zergling x6  
  72  5:15  Zergling x4  
  72  5:19  Queen  
  79  5:21  Drone  
  79  5:22  Extractor  
  79  5:23  Extractor  
  79  5:25  Nydus Network  
  77  5:33  Queen x2  
  78  5:42  Overlord  
  78  5:44  Drone x2  
  78  5:45  Drone x3  
  78  5:47  Roach x3  
  78  5:48  Overlord x2  
Show
View Real Time Build Order
Export as new Build Order

llllllllllll Protoss 

Build Orders: 1 Gate Expand, Phoenix Opening, Mass Phoenix 

Get SALT Encoding   

  12  0:00  Probe  
  13  0:12  Probe  
  14  0:20  Pylon  
  14  0:24  Probe  
  15  0:34  Probe  
  15  0:38  Gateway  
  15  0:42  Probe  
  16  0:47  Assimilator  
  17  0:52  Probe  
  18  1:04  Probe  
  19  1:16  Probe  
  20  1:26  Nexus  
  20  1:35  Cybernetics Core  
  20  1:38  Probe  
  21  1:43  Assimilator  
  21  1:50  Probe  
  21  1:54  Pylon  
  22  2:02  Adept  
  22  2:03  Probe  
  23  2:15  Probe  
  26  2:20  Stargate  
  26  2:27  Probe  
  27  2:30  Warp Gate  
  27  2:34  Probe  
  27  2:35  Probe, Adept  
  29  2:42  Probe  
  31  2:45  Probe  
  33  2:52  Probe  
  34  2:58  Phoenix  
  34  2:59  Probe  
  34  3:04  Probe  
  38  3:11  Probe  
  38  3:12  Pylon  
  39  3:16  Probe  
  39  3:19  Phoenix  
  40  3:23  Probe  
  43  3:28  Probe  
  44  3:35  Probe  
  44  3:36  Assimilator  
  44  3:38  Assimilator  
  44  3:40  Probe, Phoenix  
  44  3:41  Adept  
  48  3:48  Probe  
  49  3:58  Probe  
  49  4:00  Probe  
  51  4:03  Pylon, Stargate  
  51  4:11  Probe  
  51  4:12  Probe, Pylon  
  51  4:16  Phoenix  
  53  4:18  Gateway  
  53  4:23  Probe  
  57  4:24  Probe  
  57  4:35  Zealot  
  57  4:36  Pylon, Phoenix  
  59  4:39  Gateway  
  59  4:40  Phoenix  
  59  4:41  Probe x2  
  65  4:54  Pylon  
  65  5:01  Phoenix x2  
  65  5:02  Zealot  
  71  5:14  Zealot  
  71  5:19  Pylon  
  73  5:23  Nexus  
  73  5:26  Pylon  
  73  5:42  Phoenix x2  
  75  5:50  Robotics Facility  
  75  5:51  Zealot, Sentry x2, Robotics Facility  
Tags
 
Add a new tag
Caveats
  • Supply blocks, unpowered buildings, or Contaminate may cause inaccurate times.
  • Supply counts are checked every 10 seconds.